 Dungeon Crawl Stone Soup version 0.27-a0-1123-g2f9bb313c0 (webtiles) character file.

Game seed: 3360952438270602433

51 Zeld the Skirmisher (level 3, -2/26 HPs)
             Began as an Octopode Fighter on May 3, 2021.
             Slain by a wight
             ... wielding a +0 battleaxe
              (18 damage)
             ... on level 2 of the Dungeon.
             The game lasted 00:01:34 (1591 turns).

Zeld the Skirmisher (Octopode Fighter)              Turns: 1591, Time: 00:01:35

Health: -2/26      AC:  1    Str: 16    XL:     3   Next: 81%
Magic:  3/3        EV: 11    Int: 10    God:
Gold:   46         SH:  9    Dex: 11    Spells: 2/2 levels left

rFire    . . .     SeeInvis .   a - +0 war axe
rCold    . . .     Faith    .   b - +0 kite shield
rNeg     . . .     Spirit   .   (helmet restricted)
rPois    .         Reflect  .   (no amulet)
rElec    .         Harm     .   (no ring)
rCorr    .         Rampage  .   (no ring)
Will     .....                  (no ring)
Stlth    ++........             (no ring)
HPRegen  0.08/turn              (no ring)
MPRegen  0.08/turn              (no ring)
                                (no ring)
                                (no ring)

@: no status effects
A: almost no armour, amphibious, 8 rings, camouflage 1, gelatinous body 1,
(nimble swimmer 1), tentacles
a: no special abilities


You were on level 2 of the Dungeon.
You visited 1 branch of the dungeon, and saw 2 of its levels.

You collected 94 gold pieces.
You spent 48 gold pieces at shops.

Inventory:

Hand Weapons
 a - a +0 war axe (weapon)
Armour
 b - a +0 kite shield (worn)
Scrolls
 d - a scroll of vulnerability {unknown}
 g - a scroll of teleportation
Potions
 c - a potion of might
 f - a potion of heal wounds


   Skills:
 * Level 3.6 Fighting
 * Level 2.8 Axes
 - Level 3.0 Dodging
 * Level 3.5 Shields


You had 2 spell levels left.
You didn't know any spells.
Your spell library contained the following spells:

 Spells                   Type           Power      Damage    Failure   Level
 Beastly Appendage        Tmut           0%         N/A       86%         1
 Wereblood                Tmut           0%         N/A       94%         2
 Spider Form              Tmut/Pois      0%         N/A       99%         3
 Ice Form                 Ice/Tmut       0%         N/A       100%        4
 Hydra Form               Tmut           0%         N/A       100%        5


Dungeon Overview and Level Annotations

Branches:
Dungeon (2/15)

Altars:

Shops:
D:1 ?


Innate Abilities, Weirdness & Mutations

You cannot wear most types of armour.
You are amphibious.
You can wear up to eight rings at the same time.
Your skin changes colour to match your surroundings (Stealth+).
Your rubbery body absorbs attacks. (AC +1, EV +1)
((You are camouflaged near water. (Stealth+)))
You have tentacles for arms and can constrict up to eight enemies at once.


Message History

A white imp is nearby!
The white imp gestures at you. The puff of frost hits you!
The white imp gestures at you. You block the puff of frost.
You barely miss the white imp. You grab the white imp.
You constrict the white imp. You block the white imp's attack.
You hit the white imp but do no damage. You squeeze the white imp.
The white imp is almost dead.
You constrict the white imp.
You kill the white imp!
No target in view!
No target in view!
Found a runed falchion.
You see here a +0 falchion of holy wrath.
As you open the door, it creaks loudly!
A rat comes into view.
A rat is nearby!
There is an open door here.
The rat closely misses you.
You barely miss the rat. You grab the rat. You squeeze the rat.
You kill the rat!
No target in view!
You see here a rat corpse.
No target in view!
Found a runed scarf.
A wight comes into view. It is wielding a +1 battleaxe.
A wight comes into view. It is wielding a +0 battleaxe.
You block the wight's attack.
You hit the wight. Your grab misses the wight.
The wight is moderately damaged.
The wight closely misses you. You block the wight's attack.
You slash the wight! Your grab misses the wight.
The wight is almost destroyed.
The wight hits you with a +1 battleaxe!
You closely miss the wight. Your grab misses the wight.
You squeeze the wight, but do no damage.
The wight hits you with a +0 battleaxe!!
Ouch! That really hurt!
You die...

#############
#...........#
#.#########.#######
#.# #.......# #.#
#@#[....# #.#
#...zz.....# #..
#.# #..##......# ..
#.# #.. ......#
#..## #.# #.
#.....# ..... #.#
.. .....# #.# #.#
.# .....# .. #.# #.
.....# #. #.# #.


You could see 2 wights.

Vanquished Creatures
  An adder (D:2)
  A white imp (D:2)
  4 dart slugs (D:1)
  3 endoplasms
  3 goblins
  3 hobgoblins (D:1)
  A quokka (D:1)
  2 ball pythons (D:2)
  2 bats (D:1)
  3 kobolds
  6 rats
29 creatures vanquished.

Notes
Turn   | Place    | Note
-------+----------+-------------------------------------------
     0 | D:1      | Zeld the Octopode Fighter began the quest for the Orb.
     0 | D:1      | Reached XP level 1. HP: 16/16 MP: 1/1
    35 | D:1      | Found Deboven's Magic Scroll Emporium.
   266 | D:1      | Reached XP level 2. HP: 21/21 MP: 2/2
   680 | D:1      | Reached XP level 3. HP: 25/26 MP: 3/3
   824 | D:1      | Found a faded altar of an unknown god.
   943 | D:1      | Bought a scroll of identify for 24 gold pieces
   943 | D:1      | Bought a scroll of identify for 24 gold pieces
  1591 | D:2      | Slain by a wight

Illustrated notes

Levels and vault maps discovered:
D:1:      saegor_arrival_simple_c, layout_rooms, serial_shops, shop,
          shapermc_ecumenical_altar_mp_vishouse, chequers_serial_rivers_room_a,
          minivault_25
D:2:      layout_basic, st_stairs_11, uniq_jessica

Action                   || total
-------------------------++-------
Melee: War axe           ||    52
       Constrict         ||    17
       Tentacles         ||     7
  Use: Scroll            ||     4
 Stab: Sleeping          ||     4
Armor: Skin              ||     3
Dodge: Dodged            ||    20
Block: Kite shield       ||    24

Table legend: (Time is in decaauts)
 A = Elapsed time spent in this place.
 B = Non-inter-level travel time spent in this place.
 C = Inter-level travel time spent in this place.
 D = Time resting spent in this place.
 E = Time spent auto-exploring this place.
 F = Levels seen in this place.
 G = Mean time per level.
                   A        B        C        D        E       F      G
               +--------+--------+--------+--------+--------+-----+--------+
         Total |   1622 |   1571 |     51 |      0 |   1331 |   2 |  811.0 |
       Dungeon |   1622 |   1571 |     51 |      0 |   1331 |   2 |  811.0 |
               +--------+--------+--------+--------+--------+-----+--------+

Top non-repeatable levels by time:
     D:1: 988 daAuts
     D:2: 633 daAuts
